 Dungeon Crawl Stone Soup version 0.32-a0-747-gc8563f6773 (webtiles) character file.

Game seed: 11059279195835729838

9454 ytrimaz the Nimble (level 11, -5/72 HPs)
             Began as a Coglin Artificer on Mar 18, 2024.
             Was a Believer of Ashenzari.
             Slain by a gargoyle
             ... wielding a +0 flail
              (26 damage)
             ... on level 12 of the Dungeon.
             The game lasted 00:14:14 (11531 turns).

ytrimaz the Nimble (Coglin Artificer)              Turns: 11531, Time: 00:14:15

Health: -5/72      AC:  8    Str: 13    XL:     11   Next: 46%
Magic:  24/24      EV: 19    Int: 14    God:    Ashenzari [**....]
Gold:   581        SH:  0    Dex: 23    Spells: 25/29 levels left

rFire   . . .        M - staff of air {Ai}
rCold   . . .        j - +2 dagger (venom) {Manar}
rNeg    . . .        K - +0 troll leather armour
rPois   .            L - +1 helmet
rElec   +            k - +0 cloak of the Shattered Pleiades {Sorc, Bglg} (curse)
rCorr   .            (no gloves)
SInv    +            E - +1 pair of boots "Esoteric Vexation" {Harm *Slow Dex+8 Stlth+, Comp, Sorc} (curse)
Will    .....        (amulet unavailable)
Stlth   +++          (ring unavailable)
HPRegen 1.12/turn    (ring unavailable)
MPRegen 0.19/turn    (no gizmo)

%: slow self (1%), harm (+30% outgoing, +20% incoming)
@: revved
A: off-hand wielding, slow wielding, warmup strikes, no jewellery
a: Invent Gizmo, Renounce Religion, Curse Item, Shatter the Chains


You were on level 12 of the Dungeon.
You worshipped Ashenzari.
Ashenzari was pleased with you.
You visited 2 branches of the dungeon, and saw 13 of its levels.

You collected 795 gold pieces.
You spent 214 gold pieces at shops.


Innate Abilities, Weirdness & Mutations

You can wield a second weapon in your off-hand.
It takes a long time for you to wield or remove held weapons.
Your first few attacks do less damage.
You cannot equip rings or amulets.


   Skills:
 - Level 2.0 Fighting
 - Level 2.0 Armour
 - Level 10.3 Dodging
 - Level 0.7 Stealth
 * Level 9.6 Spellcasting
 + Level 2.1(3.0) Summonings
 + Level 0.7 Air Magic
 - Level 10.0 Evocations


You had 25 spell levels left.
You knew the following spells:

 Your Spells              Type           Power      Damage    Failure   Level
a - Summon Lightning Spi  Summ/Air       17%        N/A       54%         4

Your spell library contained the following spells:

 Spells                   Type           Power      Damage    Failure   Level
 Call Canine Familiar     Summ           15%        N/A       12%         3
 Apportation              Tloc           14%        N/A       13%         1
 Mercury Vapours          Alch/Air       24%        N/A       17%         2
 Static Discharge         Conj/Air       22%        3-4/arc   17%         2
 Ensorcelled Hibernation  Hex/Ice        12%        N/A       21%         2
 Jinxbite                 Hex            14%        N/A       21%         2
 Mephitic Cloud           Conj/Alch/Air  11%        N/A       34%         3
 Fugue of the Fallen      Necr           7%         N/A       36%         3
 Gell's Gravitas          Tloc           7%         N/A       36%         3
 Sigil of Binding         Hex            7%         N/A       36%         3
 Teleport Other           Tloc           7%         N/A       36%         3
 Airstrike                Air            6%         2d(1-17)  71%         4
 Anguish                  Hex/Necr       3%         N/A       78%         4
 Dimensional Bullseye     Hex/Tloc       3%         N/A       78%         4
 Alistair's Intoxication  Alch           4%         N/A       98%         5
 Freezing Cloud           Conj/Ice/Air   5%         6-21      98%         5
 Dispersal                Tloc           3%         N/A       100%        6

Inventory:

Hand Weapons
 a - a +0 club {Yuxuan}
 f - a +0 dagger of protection {Ajinder}
 g - a +4 short sword of electrocution {Gloria}
   (You took it off a kobold on level 1 of the Dungeon)
 j - a +2 dagger of venom (offhand) {Manar}
   (You took it off a goblin on level 1 of the Dungeon)
Missiles
 x - 12 poisoned darts
Armour
 b - a +0 leather armour
 k - the cursed +0 cloak of the Shattered Pleiades (worn) {Sorc, Bglg}
   (You found it on level 8 of the Dungeon)

   It has a curse which improves the following skills: Sorcery: Conjurations and
   Alchemy.
   Beguiling: Hexes and Translocations.
 s - a +1 chain mail
   (You found it on level 3 of the Dungeon)
 E - the cursed +1 pair of boots "Esoteric Vexation" (worn) {Harm *Slow Dex+8 Stlth+, Comp, Sorc}
   (You found it on level 9 of the Dungeon)

   Dex+8:     It affects your dexterity (+8).
   *Slow:     It may slow you when you take damage.
   Harm:      It increases damage dealt and taken.
   Stlth+:    It makes you more stealthy.
   It has a curse which improves the following skills: Companions: Summonings
   and Necromancy.
   Sorcery:   Conjurations and Alchemy.
 K - a +0 troll leather armour (worn)
   (You found it on level 11 of the Dungeon)
 L - a +1 helmet (worn)
   (You found it on level 11 of the Dungeon)
 N - a +1 cloak of preservation
   (You took it off Maurice on level 9 of the Dungeon)
Magical Staves
 M - a staff of air (weapon) {Ai}
   (You found it on level 6 of the Dungeon)
Wands
 c - a wand of flame (48)
 d - a wand of charming (14)
 v - a wand of paralysis (13) (quivered)
   (You found it on level 4 of the Dungeon)
 D - a wand of mindburst (26)
   (You found it on level 8 of the Dungeon)
 G - a wand of warping (9)
   (You took it off a gnoll on level 10 of the Dungeon)
Scrolls
 e - 3 scrolls of identify
 m - a scroll of fog
 r - 2 scrolls of immolation
 u - 2 scrolls of brand weapon
 w - 3 scrolls of teleportation
 y - 5 scrolls of enchant weapon
 B - a scroll of amnesia
 C - 2 scrolls of vulnerability
 F - a scroll of fear
 H - a scroll of poison
 I - a scroll of blinking
 J - 2 scrolls of enchant armour
Potions
 h - 2 potions of haste
 i - a potion of invisibility
 l - 3 potions of mutation
 n - 4 potions of lignification
 o - 3 potions of attraction
 p - 3 potions of berserk rage
 q - 3 potions of heal wounds
 t - 3 potions of ambrosia
 z - 5 potions of might
 A - 9 potions of curing

Dungeon Overview and Level Annotations

Branches:
Dungeon (12/15) Zot: 26720  Temple (1/1) D:7 Zot: 5958    Lair (0/5) D:10
    Orc (0/2) D:11

Altars:
Ashenzari
Cheibriados
Dithmenos
Elyvilon
Fedhas
Gozag
Hepliaklqana
Kikubaaqudgha
Makhleb
Nemelex Xobeh
Okawaru
Qazlal
Ru
Sif Muna
Trog
Uskayaw
Vehumet
Wu Jian
Xom
Yredelemnul
Zin
The Shining One

Shops:
D:6 ?(**: D:12

* ##.##
##....####
#..###........##
##.##.....#....#
#.......#.....#
##......##...##
#.....####.##
### ##....# ###
... #...## ##$#
##@## .#...##
#9# ...∩...##
#o## #..K#..##
#Ko#
##.###.o####K#
....#
##o9.#..### ...
###9o....# #
#.##...#
########


You could see 2 kobold demonologists, a gargoyle and 2 orcs.


Message History

Press: ? - help, Q - select action, (/) - cycle Shift-Dir - straight line, f - gargoyle
Aim: a gargoyle, wielding a +0 flail (chance to affect: 54%)
Okay, then.
You barely miss the orc with your staff of air.
You closely miss the orc with your +2 dagger of venom.
The orc warrior hits you with a +0 scimitar!
The orc hits you with a +0 whip. 😮 HP[-13]
You take 13 damage, and now have 48/72 hp.
Unknown command.
The orc warrior attacks as it pursues you!
The orc warrior misses you. The orc hits you with a +0 whip.
Things that are here:
a +0 dagger; a +0 robe; 😮 HP[-1]
You take 1 damage, and now have 47/72 hp.
The orc throws a boomerang.
The boomerang barely misses you. 😮 HP[+1]
The orc warrior completely misses you. The orc barely misses you.
Things that are here:
a +0 dagger; a +0 robe; 😮 HP[+1]
The orc attacks as it pursues you! The orc completely misses you. 😮 HP[+1]
The orc warrior attacks as it pursues you!
The orc warrior hits you with a +0 scimitar. 😮 HP[-5]
You take 5 damage, and now have 45/72 hp.
Unknown command.
The orc throws a boomerang.
The boomerang barely misses you. 😮 HP[+1] 😮 HP[+1] 😮 HP[+2]
You regained 2 hp, and now have 49/72 hp. 😮 HP[+1] Unknown command.
You closely miss the orc warrior with your staff of air.
You hit the orc warrior but do no damage.
The orc warrior is poisoned.
The orc warrior barely misses you. 😮 HP[+1] Unknown command.
You hit the orc warrior with your +2 dagger of venom.
The orc warrior looks as sick as possible!
You hit the orc warrior but do no damage.
The orc warrior closely misses you. 😮 HP[+1]
You hit the orc warrior with your staff of air.
You hit the orc warrior but do no damage.
The orc warrior looks as sick as possible!
The orc warrior hits you with a +0 scimitar! 😮 HP[-9]
You take 9 damage, and now have 43/72 hp.
Unknown command.
You hit the orc warrior with your +2 dagger of venom.
The orc warrior looks as sick as possible!
You hit the orc warrior with your staff of air.
The orc warrior is electrocuted.
The orc warrior hits you with a +0 scimitar. 😮 HP[-1]
You take 1 damage, and now have 42/72 hp.
You hit the orc warrior but do no damage.
The orc warrior looks as sick as possible!
You hit the orc warrior with your staff of air.
The orc warrior is electrocuted.
The orc warrior barely misses you. 😮 HP[+1] Unknown command.
You hit the orc warrior but do no damage.
The orc warrior looks as sick as possible!
You hit the orc warrior but do no damage.
The orc warrior is electrocuted.
The orc warrior closely misses you. 😮 HP[+1]
You hit the orc warrior with your +2 dagger of venom.
The orc warrior looks as sick as possible!
You closely miss the orc warrior with your staff of air.
You kill the orc warrior! 😮 HP[+1] Unknown command.
You hit the orc but do no damage.
The orc is electrocuted.
You hit the orc with your +2 dagger of venom.
You kill the orc!
The kobold demonologist begins to cast a cantrip, but forgets the words! 😮 HP[+2]
You regained 2 hp, and now have 47/72 hp.
You hit the gargoyle but do no damage.
You barely miss the gargoyle with your +2 dagger of venom.
The kobold demonologist casts a spell.
The gargoyle hurls a stone arrow at you.
The stone arrow misses you. 😮 HP[+1] Unknown command.
You hit the gargoyle but do no damage. x2
The gargoyle hits you with a +0 flail!
* * * LOW HITPOINT WARNING * * *
The kobold demonologist looks braver for a moment.
The gargoyle hits you with a +0 flail!
* * * LOW HITPOINT WARNING * * *
😨 HP[-28]
You take 28 damage, and now have 20/72 hp.
MASSIVE DAMAGE!! (PAUSE)
You hit the gargoyle with your +2 dagger of venom.
You hit the gargoyle but do no damage. The gargoyle hits you with a +0 flail!!
You die...

Skill      XL: |  1  2  3  4  5  6  7  8  9 10 11 |
---------------+----------------------------------+-----
Armour         | 2 |  2.0
Fighting       | 2 |  2.0
Evocations     | 6 8 10 | 10.0
Dodging        | 1 3 5 7 9 10 | 10.3
Spellcasting   | 2 4 6 8 9 |  9.6
Summonings     | 2 |  2.1
Stealth        | |  0.7
Air Magic      | |  0.7

Action                     |  1- 3 |  4- 6 |  7- 9 | 10-12 || total
---------------------------+-------+-------+-------+-------++-------
  Melee: Club              |    23 |       |       |       ||    23
         Dagger            |    51 |   109 |   188 |   204 ||   552
         Short sword       |    34 |   110 |   206 |   155 ||   505
         Staff             |       |       |       |    48 ||    48
 Invoke: Curse Item        |       |       |       |     2 ||     2
  Evoke: Wand              |       |     6 |    15 |    30 ||    51
    Use: Scroll            |     1 |    10 |     8 |     6 ||    25
         Potion            |       |       |     2 |     1 ||     3
   Stab: Sleeping          |     1 |       |       |     1 ||     2
         Paralysed         |       |       |       |    64 ||    64
 Armour: Leather armour    |    28 |    11 |    25 |    90 ||   154
         Skin              |       |     2 |    20 |       ||    22
         Chain mail        |       |   113 |   183 |       ||   296
         Troll leather arm |       |       |       |    36 ||    36
  Dodge: Dodged            |    43 |    48 |    67 |   230 ||   388

Levels and vault maps discovered:
D:1:      roderic_crossed_star, layout_rooms, chequers_serial_rivers_micro_e
D:2:      layout_basic, nicolae_ecumenical_oubliette, uniq_jessica
D:3:      layout_basic
D:4:      layout_basic, minmay_misc_feat_doors
D:5:      layout_rooms, kennysheep_mini, nicolae_vehumet_altar_sigil,
          item_on_display_a
D:6:      layout_loops_corners, old_standard_altar,
          mainiacjoe_overflow_small_starburst, amcnicky_altar_gilded,
          serial_shops, nicolae_shop_rolling_square, shop,
          nicolae_shop_waterfront, shop, nicolae_shop_tiny_statue_garden
D:7:      layout_loops_ring, grunt_qazlal_clouds, minmay_temple_entry_slanted
D:8:      minmay_bloctagon, layout_basic, lemuel_tele_altar,
          cheibrodos_ashenzari_chains, due_unseen_surprise
D:9:      layout_cave_pods, uniq_joseph, uniq_maurice
D:10:     layout_basic, nicolae_tso_carved_into_rock,
          mainiacjoe_overflow_six_doors_small, lair_entry_dummy
D:11:     layout_cave_pools, orc_0_dummy, uniq_urug
D:12:     minmay_cut_squares, layout_cave_pods, nicolae_shop_gadgets
Temple:   nicolae_temple_bog_church

Notes
Turn   | Place    | Note
-------+----------+-------------------------------------------
     0 | D:1      | ytrimaz the Coglin Artificer began the quest for the Orb.
     0 | D:1      | Reached XP level 1. HP: 15/15 MP: 1/1
     0 | D:1      | magus.rc [v1.9.6]
    71 | D:1      | Reached skill level 2 in Armour
   118 | D:1      | Reached XP level 2. HP: 15/21 MP: 2/2
   525 | D:2      | Found a faded altar of an unknown god.
   668 | D:2      | Reached skill level 2 in Fighting
   668 | D:2      | Reached XP level 3. HP: 26/27 MP: 3/3
   703 | D:2      | Reached skill level 5 in Evocations
   956 | D:2      | Noticed Jessica
   957 | D:2      | Killed Jessica
   958 | D:2      | Reached skill level 6 in Evocations
   958 | D:2      | Reached XP level 4. HP: 33/33 MP: 4/4
  1327 | D:3      | Reached XP level 5. HP: 26/38 MP: 5/5
  1544 | D:3      | You pick up a book of Party Tricks and begin reading...
  1544 | D:3      | You add the spells Apportation, Jinxbite and Alistair's
                  | Intoxication to your library.
  1553 | D:3      | Reached skill level 7 in Evocations
  2395 | D:4      | You add the spells Gell's Gravitas, Teleport Other and
                  | Dispersal to your library.
  2541 | D:5      | Entered Level 5 of the Dungeon
  2550 | D:5      | Reached skill level 8 in Evocations
  2550 | D:5      | Reached XP level 6. HP: 43/44 MP: 6/6
  2728 | D:5      | Found a shimmering altar of Xom.
  2734 | D:5      | Found a radiant altar of Vehumet.
  2946 | D:5      | Noticed a black bear
  2953 | D:5      | Killed a black bear
  2954 | D:5      | Reached skill level 9 in Evocations
  2978 | D:5      | Noticed an ice beast
  2988 | D:5      | Killed an ice beast
  2989 | D:5      | Reached skill level 10 in Evocations
  2989 | D:5      | Reached skill level 1 in Dodging
  2989 | D:5      | Reached XP level 7. HP: 23/50 MP: 7/7
  3213 | D:6      | Found Rydir's General Store.
  3259 | D:6      | You pick up a book of Dreams and begin reading...
  3259 | D:6      | You add the spells Ensorcelled Hibernation, Fugue of the
                  | Fallen and Anguish to your library.
  3320 | D:6      | Found Dayriles's Book Emporium.
  3363 | D:6      | Reached skill level 1 in Spellcasting
  3520 | D:6      | Reached skill level 2 in Dodging
  3541 | D:6      | Found a shadowy altar of Dithmenos.
  3647 | D:6      | Found a burning altar of Makhleb.
  3652 | D:6      | Reached skill level 2 in Spellcasting
  3657 | D:6      | HP: 11/50 [hound (5)]
  3800 | D:6      | Reached skill level 3 in Dodging
  3854 | D:6      | Found Giak's Antique Weapon Boutique.
  3875 | D:6      | Reached XP level 8. HP: 54/56 MP: 10/12
  3952 | D:6      | Reached skill level 3 in Spellcasting
  4043 | D:6      | You pick up a book of Storms and begin reading...
  4043 | D:6      | You add the spells Static Discharge, Airstrike and Summon
                  | Lightning Spire to your library.
  4077 | D:6      | Found Toodol's Assorted Antiques.
  4128 | D:6      | Reached skill level 4 in Dodging
  4280 | D:6      | Found Ushoi's Magic Scroll Shop.
  4286 | D:6      | Bought a scroll of identify for 26 gold pieces
  4286 | D:6      | Bought a scroll of identify for 26 gold pieces
  4286 | D:6      | Bought a scroll of identify for 26 gold pieces
  4286 | D:6      | Bought a scroll of teleportation for 39 gold pieces
  4286 | D:6      | Bought a scroll of enchant weapon for 97 gold pieces
  4310 | D:6      | Found a sacrificial altar of Ru.
  4627 | D:7      | Reached skill level 4 in Spellcasting
  4714 | D:7      | Reached skill level 5 in Dodging
  4834 | D:7      | Found a staircase to the Ecumenical Temple.
  4838 | D:7      | Reached XP level 9. HP: 56/61 MP: 14/16
  4855 | Temple   | Entered the Ecumenical Temple
  5078 | D:7      | Reached skill level 5 in Spellcasting
  5578 | D:7      | Found a stormy altar of Qazlal.
  5584 | D:7      | Reached skill level 6 in Dodging
  5647 | D:8      | Found a broken altar of Ashenzari.
  5887 | D:8      | Became a worshipper of Ashenzari the Shackled
  5955 | D:8      | HP: 14/61 [something (2)]
  5959 | D:8      | Reached skill level 6 in Spellcasting
  6291 | D:8      | You pick up a book of the Hunter and begin reading...
  6291 | D:8      | You add the spells Sigil of Binding, Call Canine Familiar
                  | and Dimensional Bullseye to your library.
  6328 | D:8      | Found a blossoming altar of Fedhas.
  6577 | D:8      | Noticed an efreet
  6578 | D:8      | Reached skill level 7 in Dodging
  6579 | D:8      | Noticed a manticore
  6910 | D:7      | Reached XP level 10. HP: 48/67 MP: 20/20
  7005 | D:8      | Reached skill level 7 in Spellcasting
  7081 | D:8      | Reached skill level 8 in Dodging
  7144 | D:8      | HP: 14/67 [slime creature (18)]
  7769 | D:8      | Killed a manticore
  7943 | D:9      | Identified the +1 pair of boots "Daqol" {Harm *Slow Dex+8
                  | Stlth+}
  8256 | D:9      | Noticed a kobold demonologist
  8259 | D:9      | Noticed an orange demon
  8265 | D:9      | Killed a kobold demonologist
  8268 | D:9      | HP: 9/67 [centaur/arrow (12)]
  8275 | D:9      | HP: 16/67 [centaur/arrow (3)]
  8578 | D:9      | Noticed Maurice
  8599 | D:9      | Killed Maurice
  8600 | D:9      | Reached skill level 9 in Dodging
  8600 | D:9      | Reached skill level 8 in Spellcasting
  8700 | D:9      | HP: 13/67 [orc/+0 flail (4)]
  8927 | D:9      | Noticed Joseph
  8952 | D:9      | Killed Joseph
  9529 | D:10     | Entered Level 10 of the Dungeon
  9615 | D:10     | Killed an unseen horror
  9616 | D:10     | Reached XP level 11. HP: 45/72 MP: 23/23
  9828 | D:10     | Reached skill level 9 in Spellcasting
  9829 | D:10     | Reached * piety under Ashenzari
  9829 | D:10     | Reached ** piety under Ashenzari
  9871 | D:10     | Reached skill level 10 in Dodging
 10079 | D:10     | Found a staircase to the Lair.
 10171 | D:10     | Found a snail-covered altar of Cheibriados.
 10370 | D:10     | Found a glowing golden altar of the Shining One.
 10548 | D:11     | Noticed Urug
 10641 | D:11     | Killed Urug
 10642 | D:11     | Reached skill level 1 in Summonings
 10743 | D:11     | Found a staircase to the Orcish Mines.
 10922 | D:6      | Learned a level 4 spell: Summon Lightning Spire
 11323 | D:12     | You pick up a book of Vapours and begin reading...
 11323 | D:12     | You add the spells Mercury Vapours, Mephitic Cloud and
                  | Freezing Cloud to your library.
 11412 | D:12     | Found Otethrim's Gadget Gallery.
 11415 | D:12     | Noticed a sun demon
 11431 | D:12     | Reached skill level 2 in Summonings
 11531 | D:12     | Slain by a gargoyle

Vanquished Creatures
  Urug (D:11)
  A manticore (D:8)
  Maurice (D:9)
  Joseph (D:9)
  A gargoyle (D:11)
  An efreet (D:8)
  An unseen horror (D:10)
  2 kobold demonologists
  A troll (D:11)
  A hornet (D:10)
  A slime creature (D:8)
  A vampire (D:10)
  3 wraiths
  A shadow (D:9)
  3 wyverns
  3 yaks (D:10)
  2 vampire mosquitoes (D:8)
  An acid dragon (D:8)
  2 water moccasins
  6 orc warriors
  3 sky beasts
  4 ice beasts
  2 black bears
  6 centaurs
  A phantom (D:7)
  3 bullfrogs
  2 gnoll sergeants
  4 scorpions
  6 killer bees (D:8)
  A howler monkey (D:8)
  8 orc priests
  5 hounds
  2 sleepcaps
  Jessica (D:2)
  4 iguanas
  3 orc wizards
  11 gnolls
  7 adders
  A shadow imp (D:7)
  2 white imps
  4 ufetubi (D:5)
  31 orcs
  9 bats
  7 endoplasms
  2 giant cockroaches (D:4)
  7 goblins
  6 hobgoblins
  4 jackals (D:2)
  2 kobolds
  6 quokkas
  9 ball pythons
  A frilled lizard (D:2)
  5 rats
203 creatures vanquished.

Vanquished Creatures (collateral kills)
  A slime creature (D:8)
1 creature vanquished.

Vanquished Creatures (others)
  An orc wizard (D:7)
  An orc (D:7)
2 creatures vanquished.

Grand Total: 206 creatures vanquished

Table legend:
 A = Non-vault XP
 B = Vault XP
 C = Vault XP percentage of total XP
 D = Non-vault monster count
 E = Vault monster count
 F = Vault count percentage of total count
                 A         B        C        D         E       F
            +---------+---------+-------+---------+---------+-------
      Total |    9574 |    3933 |  29.1 |     186 |      19 |   9.3
            +---------+---------+-------+---------+---------+-------
        D:1 |      26 |       0 |   0.0 |      16 |       0 |   0.0
        D:2 |      61 |      37 |  37.8 |      22 |       1 |   4.3
        D:3 |      83 |       0 |   0.0 |      16 |       0 |   0.0
        D:4 |      92 |       0 |   0.0 |      19 |       0 |   0.0
        D:5 |     426 |       0 |   0.0 |      15 |       0 |   0.0
        D:6 |    1095 |       0 |   0.0 |      20 |       0 |   0.0
        D:7 |    1119 |     110 |   9.0 |      18 |       1 |   5.3
        D:8 |    1202 |    2020 |  62.7 |      24 |      14 |  36.8
        D:9 |    1527 |     982 |  39.1 |      13 |       2 |  13.3
       D:10 |    2357 |       0 |   0.0 |      14 |       0 |   0.0
       D:11 |     877 |     784 |  47.2 |       5 |       1 |  16.7
       D:12 |     709 |       0 |   0.0 |       4 |       0 |   0.0
            +---------+---------+-------+---------+---------+-------

Skill      XL: |  1  2  3  4  5  6  7  8  9 10 11 |
---------------+----------------------------------+-----
Armour         | 2 |  2.0
Fighting       | 2 |  2.0
Evocations     | 6 8 10 | 10.0
Dodging        | 1 3 5 7 9 10 | 10.3
Spellcasting   | 2 4 6 8 9 |  9.6
Summonings     | 2 |  2.1
Stealth        | |  0.7
Air Magic      | |  0.7

Action                     |  1- 3 |  4- 6 |  7- 9 | 10-12 || total
---------------------------+-------+-------+-------+-------++-------
  Melee: Club              |    23 |       |       |       ||    23
         Dagger            |    51 |   109 |   188 |   204 ||   552
         Short sword       |    34 |   110 |   206 |   155 ||   505
         Staff             |       |       |       |    48 ||    48
 Invoke: Curse Item        |       |       |       |     2 ||     2
  Evoke: Wand              |       |     6 |    15 |    30 ||    51
    Use: Scroll            |     1 |    10 |     8 |     6 ||    25
         Potion            |       |       |     2 |     1 ||     3
   Stab: Sleeping          |     1 |       |       |     1 ||     2
         Paralysed         |       |       |       |    64 ||    64
 Armour: Leather armour    |    28 |    11 |    25 |    90 ||   154
         Skin              |       |     2 |    20 |       ||    22
         Chain mail        |       |   113 |   183 |       ||   296
         Troll leather arm |       |       |       |    36 ||    36
  Dodge: Dodged            |    43 |    48 |    67 |   230 ||   388

Illustrated notes

Table legend:
 A = Kills in this place as a percentage of kills in the entire game.
 B = Kills by you in this place as a percentage of kills by you in the entire game.
 C = Kills by friends in this place as a percentage of kills by friends in the entire game.
 D = Other kills in this place as a percentage of other kills in the entire game.
 E = Experience gained in this place as a percentage of experience gained in the entire game.
 F = Experience gained in this place divided by the number of levels of this place that you have seen.
                   A       B       C       D       E      F
               +-------+-------+-------+-------+-------+----------------------
         Total | 100.0 | 100.0 | 100.0 | 100.0 | 100.0 | 1039.0
       Dungeon | 100.0 | 100.0 | 100.0 | 100.0 | 100.0 | 1125.6
               +-------+-------+-------+-------+-------+----------------------

Table legend: (Time is in decaauts)
 A = Elapsed time spent in this place.
 B = Non-inter-level travel time spent in this place.
 C = Inter-level travel time spent in this place.
 D = Time resting spent in this place.
 E = Time spent auto-exploring this place.
 F = Levels seen in this place.
 G = Mean time per level.
                   A        B        C        D        E       F      G
               +--------+--------+--------+--------+--------+-----+--------+
         Total |  11561 |  10932 |    629 |   1107 |   7981 |  13 |  889.3 |
       Dungeon |  11519 |  10891 |    628 |   1107 |   7943 |  12 |  959.9 |
        Temple |     41 |     40 |      1 |      0 |     38 |   1 |   41.0 |
               +--------+--------+--------+--------+--------+-----+--------+

Top non-repeatable levels by time:
     D:8: 2055 daAuts
     D:9: 1640 daAuts
     D:6: 1422 daAuts
     D:7: 1332 daAuts
    D:10: 941 daAuts
     D:5: 721 daAuts
     D:2: 706 daAuts
     D:4: 691 daAuts
     D:3: 584 daAuts
    D:11: 580 daAuts
     D:1: 561 daAuts
    D:12: 278 daAuts
  Temple: 41 daAuts
